[Event "Titled Tuesday Blitz January 18 2022"]
[White "Odegov, Artem"]
[Black "Papasimakopoulos, Alexandros"]
[WhiteFideId "34183644"]
[BlackFideId "4244125"]
[WhiteElo "2277"]
[BlackElo "2340"]
[Result "1-0"]
[Round "11"]
[TimeControl "180+1"]
[Date "2022.01.18"]
[WhiteClock "0:00:49"]
[BlackClock "0:00:22"]

1. d4 f5 2. h3 d5 3. g4 fxg4 4. hxg4 Bxg4 5. Bh3 Qd7 6. Qd3 Nf6 7. Bg5 Nc6 8. c3 O-O-O 9. Nd2 h6 10. Bxg4 Qxg4 11. Ngf3 Rg8 12. Bxf6 exf6 13. O-O-O g5 14. Rdg1 Qe6 15. Nh4 gxh4 16. Rxg8 Qxg8 17. Rxh4 Qg1+ 18. Kc2 Qxf2 19. Rh3 Qf4 20. Rf3 Qg5 21. Rf5 Qg7 22. Qh3 Qd7 23. Qh5 Bg7 24. e4 dxe4 25. Nxe4 Qe6 26. Nc5 Qe7 27. Rf2 Re8 28. Rg2 b6 29. Rxg7 Qe2+ 30. Qxe2 Rxe2+ 31. Kd3 Re8 32. Ne4 f5 33. Nf6 Re7 34. Rg6 Rh7 35. Nxh7 Ne5+ 36. dxe5 1-0


[Site "https://www.chess.com"]

[Event "Titled Tuesday Blitz January 18 2022"]
[White "Okike, David"]
[Black "Kanyamarala, Tarun"]
[WhiteFideId "8500134"]
[BlackFideId "45004714"]
[WhiteElo "2232"]
[BlackElo "2144"]
[Result "1-0"]
[Round "11"]
[TimeControl "180+1"]
[Date "2022.01.18"]
[WhiteClock "0:02:21"]
[BlackClock "0:02:27"]

1. e4 c5 2. Nf3 Nc6 3. d4 cxd4 4. Nxd4 Nf6 5. Nc3 e5 6. Ndb5 d6 7. Bg5 a6 8. Na3 b5 9. Bxf6 gxf6 10. Nd5 Bg7 11. c3 O-O 12. Nc2 f5 13. exf5 Bxf5 14. Be2 Ne7 15. Nce3 Ng6 16. Nxf5 Bh8 17. O-O e4 18. g3 Re8 19. h4 Re5 20. Nde3 Bf6 21. Qxd6 Rxf5 22. Nxf5 1-0


[Site "https://www.chess.com"]

[Event "Titled Tuesday Blitz January 18 2022"]
[White "Omariev, Maksim"]
[Black "Zeynalli, Rashad"]
[WhiteFideId "4193423"]
[BlackFideId "13403320"]
[WhiteElo "2494"]
[BlackElo "2125"]
[Result "1-0"]
[Round "11"]
[TimeControl "180+1"]
[Date "2022.01.18"]
[WhiteClock "0:00:06"]
[BlackClock "0:00:08"]

1. g4 d5 2. Bg2 e6 3. d4 c5 4. c3 Nc6 5. Nf3 Bd6 6. g5 Nge7 7. h4 Ng6 8. h5 Nf4 9. Bxf4 Bxf4 10. dxc5 Bxg5 11. Nxg5 Qxg5 12. Bf3 a5 13. Nd2 Qe7 14. c4 Qxc5 15. cxd5 exd5 16. Rc1 Qd4 17. Qb3 O-O 18. h6 g6 19. Bxd5 a4 20. Qc3 Qxc3 21. Rxc3 Nb4 22. Bc4 Be6 23. a3 Nd5 24. Rd3 Rac8 25. O-O Nf4 26. Rd4 Rxc4 27. Rxc4 Nxe2+ 28. Kg2 Rd8 29. Rxa4 b5 30. Ra5 Nf4+ 31. Kf3 g5 32. Nb1 Bf5 33. Kg3 Ne2+ 34. Kg2 Nf4+ 35. Kh2 Be4 36. Nc3 Bc6 37. Ra6 Bb7 38. Rb6 Bf3 39. Re1 Ng6 40. Rxb5 Rd2 41. Kg3 Bc6 42. Rb8+ Nf8 43. b4 Rd3+ 44. Re3 Rxc3 45. Rxc3 f5 46. Rxc6 f4+ 47. Kg4 Kf7 48. Rc7+ Ke6 49. Rxf8 Kd6 50. Rxh7 Kd5 51. Rf5+ Ke4 52. Rxg5 Kd3 53. Rf7 Ke2 54. Rxf4 1-0


[Site "https://www.chess.com"]

[Event "Titled Tuesday Blitz January 18 2022"]
[White "Oparin, Grigoriy"]
[Black "Seo, Jung Min"]
[WhiteFideId "24125890"]
[BlackFideId "1734687"]
[WhiteElo "2685"]
[BlackElo "2401"]
[Result "0-1"]
[Round "11"]
[TimeControl "180+1"]
[Date "2022.01.18"]
[WhiteClock "0:01:20"]
[BlackClock "0:01:16"]

1. c4 Nf6 2. Nc3 e6 3. g3 d5 4. cxd5 exd5 5. Bg2 d4 6. Ne4 Nxe4 7. Bxe4 c5 8. Bg2 Bd6 9. d3 O-O 10. Nf3 Re8 11. O-O Qe7 12. Re1 Nc6 13. Bg5 f6 14. Bd2 Qf7 15. a3 a5 16. e4 dxe3 17. Bxe3 Be6 18. Nd2 Rac8 19. Nc4 Bf8 20. Nb6 Rcd8 21. Rc1 Ne5 22. Rc3 Bg4 23. f3 Bf5 24. Bf1 Qc7 25. Nc4 Nxc4 26. Rxc4 b6 27. Bf2 Rxe1 28. Qxe1 Bxd3 29. Bxd3 Rxd3 30. Qe4 Qd7 31. Rc2 Qd5 32. Qxd5+ Rxd5 33. Kf1 a4 34. Ke2 Kf7 35. Rc3 b5 36. h4 h5 37. g4 g6 38. Rc1 Be7 39. Be3 f5 40. gxh5 gxh5 41. Bg5 Bxg5 42. hxg5 f4 43. Rh1 Kg6 44. Rh2 Rxg5 45. Rxh5 Rxh5 0-1


[Site "https://www.chess.com"]

[Event "Titled Tuesday Blitz January 18 2022"]
[White "Ozates, Tuna"]
[Black "Avazkhonov, Alikhon"]
[WhiteFideId "6354521"]
[BlackFideId "14208504"]
[WhiteElo "1872"]
[BlackElo "1739"]
[Result "0-1"]
[Round "11"]
[TimeControl "180+1"]
[Date "2022.01.18"]
[WhiteClock "0:00:03"]
[BlackClock "0:00:04"]

1. e4 c6 2. d4 d5 3. exd5 cxd5 4. c4 Nc6 5. Nf3 Nf6 6. Nc3 g6 7. cxd5 Nxd5 8. Bc4 Nxc3 9. Qb3 Nd5 10. Bxd5 e6 11. Bxc6+ bxc6 12. O-O Qd5 13. Qc3 Bg7 14. Be3 O-O 15. Rfc1 Bb7 16. Qc5 Qxc5 17. Rxc5 Rfd8 18. Rac1 Rac8 19. Ne5 Bxe5 20. dxe5 a6 21. Bg5 Rd5 22. Bf6 Kf8 23. h4 h5 24. g4 hxg4 25. Kg2 Ke8 26. Kg3 Kd7 27. Kxg4 Rd4+ 28. f4 Rd2 29. R1c2 Rxc2 30. Rxc2 c5 31. Rd2+ Bd5 32. Kg5 Kc6 33. Kh6 Bxa2 34. Kg7 Rc7 35. Rd8 Bd5 36. Kf8 Be4 37. Be7 Bf5 38. Kxf7 c4 39. Kf6 Rd7 40. Rc8+ Kd5 41. Ra8 Rb7 42. Rxa6 Rxb2 43. Rd6+ Ke4 44. Rc6 Kd5 45. Rc8 Rc2 46. Bb4 Ke4 47. Kg5 Rg2+ 48. Kf6 Rc2 49. Rd8 c3 50. Rc8 Kd3 51. Rc6 Rc1 52. Rxe6 Bxe6 53. Kxe6 c2 54. Ba3 Rb1 55. Kf6 Rb3 56. Bc1 Rb1 57. Ba3 Kd2 58. e6 Rb3 59. e7 Rxa3 60. e8=Q c1=Q 61. Qd7+ Rd3 62. Qe7 Qc3+ 63. Qe5 Rg3 64. Qxc3+ Kxc3 65. f5 gxf5 66. Kxf5 Kd4 67. h5 Rh3 68. Kg6 Ke5 69. h6 Ke6 70. h7 Rg3+ 71. Kh6 Kf7 0-1


[Site "https://www.chess.com"]

[Event "Titled Tuesday Blitz January 18 2022"]
[White "Pajeken, Jakob Leon"]
[Black "Schrik, Rachid"]
[WhiteFideId "12942839"]
[BlackFideId "1009818"]
[WhiteElo "2351"]
[BlackElo "2070"]
[Result "0-1"]
[Round "11"]
[TimeControl "180+1"]
[Date "2022.01.18"]
[WhiteClock "0:00:15"]
[BlackClock "0:00:08"]

1. d4 Nf6 2. Nf3 e6 3. Bf4 b6 4. e3 Bb7 5. Nbd2 Be7 6. h3 c5 7. c3 d5 8. Bd3 Nc6 9. Qe2 O-O 10. Rd1 a6 11. a3 Re8 12. e4 dxe4 13. Nxe4 cxd4 14. O-O Nd5 15. Bg5 dxc3 16. Bxe7 Qxe7 17. Nxc3 Nf4 18. Qc2 Nxd3 19. Rxd3 h6 20. Rfd1 Rad8 21. Na4 Rxd3 22. Rxd3 b5 23. Nc5 Ba8 24. Rd7 Qf6 25. Ne4 Qf4 26. Nd6 Rf8 27. Nb7 Ne5 28. Nxe5 Qxe5 29. Qd2 Bxb7 30. Rxb7 Rc8 31. Rd7 Qf5 32. Rd8+ Rxd8 33. Qxd8+ Kh7 34. Qd4 Qb1+ 35. Kh2 Qf5 36. g3 e5 37. Qb6 Qf6 38. Qc5 g6 39. Kg1 Kg7 40. Qd5 h5 41. h4 Qf5 42. Kg2 Qf6 43. b4 Qf5 44. Qb7 Qf6 45. Qa8 Qe6 46. Qe4 f5 47. Qb7+ Kf6 48. Qa8 Kg7 49. Qa7+ Kf6 50. Qb7 e4 51. Qa8 e3 52. Qh8+ Kf7 53. Qh7+ Kf6 54. Qh8+ Kf7 55. fxe3 Qxe3 56. Qh7+ Kf6 57. Qb7 Qe4+ 58. Qxe4 fxe4 59. Kf2 Ke5 60. Ke3 Kd5 61. Kf4 Kd4 0-1


[Site "https://www.chess.com"]

[Event "Titled Tuesday Blitz January 18 2022"]
[White "Papp, Petra"]
[Black "Chernov, Mikhail"]
[WhiteFideId "739049"]
[BlackFideId "24143170"]
[WhiteElo "2259"]
[BlackElo "2244"]
[Result "0-1"]
[Round "11"]
[TimeControl "180+1"]
[Date "2022.01.18"]
[WhiteClock "0:00:37"]
[BlackClock "0:00:07"]

1. d4 d5 2. c4 c6 3. Nf3 Nf6 4. Qb3 dxc4 5. Qxc4 b5 6. Qb3 Bb7 7. g3 Nbd7 8. Bg2 e6 9. O-O Be7 10. Nc3 O-O 11. e4 a6 12. a4 b4 13. e5 Nd5 14. Ne4 c5 15. dxc5 Nxc5 16. Nxc5 Bxc5 17. Bg5 Qb6 18. a5 Qb5 19. Rfc1 Rac8 20. Bf1 Qc6 21. Rxc5 Qxc5 22. Rc1 Qxa5 23. Rd1 h6 24. Bh4 Qc5 25. Rd4 a5 26. Rc4 Qb6 27. Rg4 Rc1 28. Bf6 g6 29. Qd3 Rxf1+ 30. Qxf1 Nxf6 31. exf6 Bxf3 32. Rh4 Rd8 33. Rxh6 Rd1 0-1


[Site "https://www.chess.com"]

[Event "Titled Tuesday Blitz January 18 2022"]
[White "Perez Gormaz, Matias"]
[Black "Jobava, Baadur"]
[WhiteFideId "3406342"]
[BlackFideId "13601520"]
[WhiteElo "2352"]
[BlackElo "2617"]
[Result "0-1"]
[Round "11"]
[TimeControl "180+1"]
[Date "2022.01.18"]
[WhiteClock "0:00:01"]
[BlackClock "0:01:47"]

1. e4 c6 2. d4 d5 3. e5 Bf5 4. h4 Qc7 5. g4 Bd7 6. c3 c5 7. Be3 Nc6 8. Na3 a6 9. Nc2 e6 10. h5 cxd4 11. cxd4 Rc8 12. a3 Nxe5 13. dxe5 Qxc2 14. Qxc2 Rxc2 15. Bd4 Ne7 16. Bd3 Rc8 17. Nf3 Nc6 18. Be3 Be7 19. h6 g6 20. Rc1 f6 21. exf6 Bxf6 22. Ng5 Bxb2 23. Rc2 Bxa3 24. Nxh7 Ne5 25. Rxc8+ Bxc8 26. Bb1 Rxh7 27. f4 Nxg4 28. Bxg6+ Ke7 29. Bxh7 Nxe3 30. Bd3 Ng2+ 31. Kd2 Nxf4 32. h7 Bb2 33. h8=Q Bxh8 34. Rxh8 Bd7 35. Bf1 Kd6 36. Ke3 e5 37. Rh6+ Be6 38. Rh8 d4+ 39. Kd2 e4 40. Ra8 e3+ 41. Ke1 Ke5 42. Rd8 a5 43. Ra8 b6 44. Rb8 d3 45. Bxd3 Nxd3+ 46. Ke2 Ke4 47. Rxb6 Nf4+ 48. Kf1 Bc4+ 49. Kg1 Kf3 0-1


[Site "https://www.chess.com"]

[Event "Titled Tuesday Blitz January 18 2022"]
[White "Piorun, Kacper"]
[Black "Krivonosov, Oleg"]
[WhiteFideId "1130420"]
[BlackFideId "11600349"]
[WhiteElo "2571"]
[BlackElo "2455"]
[Result "1-0"]
[Round "11"]
[TimeControl "180+1"]
[Date "2022.01.18"]
[WhiteClock "0:00:05"]
[BlackClock "0:00:08"]

1. g3 d5 2. Bg2 Nf6 3. Nf3 e6 4. c4 Be7 5. b3 O-O 6. Bb2 b6 7. O-O Bb7 8. d3 c5 9. e3 Nc6 10. Nc3 Rc8 11. Qe2 Qc7 12. Rac1 Rfd8 13. cxd5 Nxd5 14. Nxd5 Rxd5 15. d4 Rd7 16. dxc5 bxc5 17. Qc4 Bf8 18. Qg4 Nb4 19. Ne5 Rdd8 20. Rcd1 Bxg2 21. Kxg2 Rxd1 22. Rxd1 Rd8 23. a3 Rxd1 24. Qxd1 Nc6 25. Nc4 Na5 26. Nd2 Qb7+ 27. Kg1 Qd5 28. Qc2 f6 29. Bc3 Nc6 30. Nc4 Be7 31. h4 Bf8 32. Kf1 Qf3 33. Nd2 Qd5 34. Ke2 Qh5+ 35. f3 Qd5 36. Qe4 h5 37. Qc4 Qxc4+ 38. Nxc4 Kf7 39. Kd3 g5 40. Ke2 gxh4 41. gxh4 f5 42. Kf2 Be7 43. Kg3 Bf6 44. Nd6+ Ke7 45. Nc8+ Kf7 46. Nd6+ Ke7 47. Bxf6+ Kxf6 48. Nb7 c4 49. bxc4 Na5 50. Nxa5 1-0


[Site "https://www.chess.com"]

[Event "Titled Tuesday Blitz January 18 2022"]
[White "Pranav, V"]
[Black "Firat, Burak"]
[WhiteFideId "25060783"]
[BlackFideId "6305881"]
[WhiteElo "2349"]
[BlackElo "2419"]
[Result "0-1"]
[Round "11"]
[TimeControl "180+1"]
[Date "2022.01.18"]
[WhiteClock "0:00:02"]
[BlackClock "0:00:18"]

1. e4 c5 2. Nf3 e6 3. b3 a6 4. Bb2 Nc6 5. g3 d6 6. d4 cxd4 7. Nxd4 Bd7 8. Bg2 Nf6 9. O-O Be7 10. c4 O-O 11. Nc3 Rc8 12. Re1 b5 13. Nxc6 Bxc6 14. cxb5 axb5 15. Qd3 b4 16. Ne2 e5 17. h3 Qb6 18. g4 d5 19. exd5 Nxd5 20. Bxd5 Rcd8 21. Ng3 Rxd5 22. Qe2 Bc5 23. Nf5 Rfd8 24. Bc1 g6 25. Nh6+ Kg7 26. g5 e4 27. Bf4 Bb5 28. Qxe4 Bxf2+ 29. Kh2 Bxe1 30. Be5+ Kf8 31. Rxe1 Rd2+ 32. Kg3 Qf2+ 33. Kg4 Bd7+ 0-1


[Site "https://www.chess.com"]

[Event "Titled Tuesday Blitz January 18 2022"]
[White "Prraneeth Vuppala"]
[Black "Panesar Vedant"]
[WhiteFideId "46622373"]
[BlackFideId "35033018"]
[WhiteElo "1759"]
[BlackElo "1971"]
[Result "0-1"]
[Round "11"]
[TimeControl "180+1"]
[Date "2022.01.18"]
[WhiteClock "0:00:02"]
[BlackClock "0:00:11"]

1. d4 Nf6 2. c4 g6 3. Nc3 d5 4. cxd5 Nxd5 5. e4 Nxc3 6. bxc3 Bg7 7. Bc4 c5 8. Ne2 Nc6 9. Be3 O-O 10. O-O b6 11. dxc5 Qc7 12. Nd4 Ne5 13. Be2 bxc5 14. Nb5 Qb8 15. Rb1 a6 16. Na3 Qc7 17. h3 Bb7 18. Qc2 Rab8 19. f4 Nd7 20. Nc4 Bc6 21. f5 Ne5 22. Rxb8 Rxb8 23. Nxe5 Bxe5 24. Bxa6 Bh2+ 25. Kh1 Qe5 26. fxg6 hxg6 27. Bc4 e6 28. Qf2 Rb7 29. Bxe6 Qxe6 30. Kxh2 Bxe4 31. Bxc5 Qe5+ 32. Kg1 Qf5 33. Qxf5 Bxf5 34. Bd4 Rb2 35. Ra1 Be4 36. Bf2 Rc2 37. a4 Bb7 38. Ra3 Rc1+ 39. Kh2 Rc2 40. Kg3 g5 41. a5 Ba6 42. Bd4 Kh7 43. h4 gxh4+ 44. Kxh4 Rxg2 45. Ra1 Rg6 46. Rf1 Kg8 47. Re1 Kf8 48. Kh5 Bb5 0-1


[Site "https://www.chess.com"]

[Event "Titled Tuesday Blitz January 18 2022"]
[White "Rustemov, Alexander"]
[Black "Concio, Michael Jr."]
[WhiteFideId "4119002"]
[BlackFideId "5217873"]
[WhiteElo "2870"]
[BlackElo "1896"]
[Result "1-0"]
[Round "11"]
[TimeControl "180+1"]
[Date "2022.01.18"]
[WhiteClock "0:02:15"]
[BlackClock "0:01:15"]

1. d4 Nf6 2. c4 e5 3. dxe5 Ng4 4. Bf4 Nc6 5. Nf3 Bb4+ 6. Nbd2 Qe7 7. a3 Ngxe5 8. Nxe5 Nxe5 9. e3 Bxd2+ 10. Qxd2 O-O 11. c5 d6 12. cxd6 cxd6 13. Be2 Bd7 14. Rd1 Bc6 15. O-O Rfd8 16. Qd4 h6 17. Rd2 b6 18. Rfd1 Bb7 19. Bxe5 dxe5 20. Qxd8+ Rxd8 21. Rxd8+ Kh7 22. R8d7 Qc5 23. Rxb7 f5 24. Rdd7 Qc1+ 25. Bf1 Kg6 26. Rxg7+ Kh5 27. Rbf7 1-0


[Site "https://www.chess.com"]

[Event "Titled Tuesday Blitz January 18 2022"]
[White "Sadhwani, Raunak"]
[Black "Weetik, Vjacheslav"]
[WhiteFideId "35093487"]
[BlackFideId "4153472"]
[WhiteElo "2616"]
[BlackElo "2469"]
[Result "1-0"]
[Round "11"]
[TimeControl "180+1"]
[Date "2022.01.18"]
[WhiteClock "0:01:12"]
[BlackClock "0:00:01"]

1. e4 c6 2. Nf3 d5 3. d3 Bg4 4. h3 Bh5 5. Nc3 e6 6. g4 Bg6 7. h4 dxe4 8. h5 Bxh5 9. gxh5 exf3 10. Qxf3 Nf6 11. Bg5 Nbd7 12. O-O-O Qa5 13. Bd2 O-O-O 14. Kb1 Qf5 15. Qe2 Bb4 16. a3 Be7 17. Bg2 g6 18. h6 Nd5 19. Ne4 Nf4 20. Bxf4 Qxf4 21. Rh3 Qc7 22. d4 Rhe8 23. Rb3 f5 24. Nd2 e5 25. d5 Nc5 26. Rc3 e4 27. dxc6 Kb8 28. cxb7 Qxb7 29. Nb3 Na4 30. Rc4 Nb6 31. Rcd4 Rxd4 32. Rxd4 Bf6 33. Rd6 Be5 34. Na5 Qc7 35. Qb5 Rc8 36. Qxe5 Qxc2+ 37. Ka2 Ka8 38. Bf1 Na4 39. Qd5+ Kb8 40. Qb7# 1-0


[Site "https://www.chess.com"]

[Event "Titled Tuesday Blitz January 18 2022"]
[White "Sadykov, Ramil"]
[Black "Bodnar, Nikolay"]
[WhiteFideId "24113590"]
[BlackFideId "14106469"]
[WhiteElo "2300"]
[BlackElo "2296"]
[Result "1-0"]
[Round "11"]
[TimeControl "180+1"]
[Date "2022.01.18"]
[WhiteClock "0:00:15"]
[BlackClock "0:00:04"]

1. e4 c5 2. Nc3 Nc6 3. g3 g6 4. Bg2 Bg7 5. d3 d6 6. Be3 Rb8 7. Qd2 b5 8. a3 a5 9. Nge2 b4 10. axb4 axb4 11. Nd1 Nd4 12. O-O Bb7 13. Nc1 Nf6 14. c3 bxc3 15. bxc3 Nc6 16. Bh6 O-O 17. Bxg7 Kxg7 18. f4 Qb6 19. Ne3 Ra8 20. Na2 Ra3 21. Rab1 Qa7 22. Rb2 Ra8 23. Nc1 Nd7 24. Nc4 Ra4 25. f5 Nde5 26. Nb6 Ra3 27. Nxa8 Bxa8 28. Kh1 Bb7 29. f6+ exf6 30. Qf4 Qb8 31. Qxf6+ Kg8 32. Ne2 Qc7 33. Rfb1 Ba6 34. Nf4 Nxd3 35. Nd5 Qa7 36. Rb6 Nde5 37. h3 Nd7 38. Qxd6 Nxb6 39. Rxb6 Ra1+ 40. Kh2 Bf1 41. Rxc6 Qb7 42. Rc8+ Qxc8 43. Ne7+ Kg7 44. Nxc8 Ra2 45. Qe5+ Kf8 46. Qe7+ Kg7 47. Qe5+ Kh6 48. Qf4+ Kg7 49. Qxf1 Ra8 50. Nd6 Rd8 51. e5 Rd7 52. Qf6+ Kg8 53. Bd5 h5 54. Bxf7+ Kh7 55. Qxg6+ Kh8 56. Qg8# 1-0


[Site "https://www.chess.com"]

[Event "Titled Tuesday Blitz January 18 2022"]
[White "Samunenkov, Ihor"]
[Black "Svane, Frederik"]
[WhiteFideId "14187086"]
[BlackFideId "12923044"]
[WhiteElo "2406"]
[BlackElo "2459"]
[Result "0-1"]
[Round "11"]
[TimeControl "180+1"]
[Date "2022.01.18"]
[WhiteClock "0:00:03"]
[BlackClock "0:00:05"]

1. d4 Nf6 2. c4 e6 3. Nc3 Bb4 4. e3 O-O 5. Bd2 d5 6. Nf3 b6 7. cxd5 exd5 8. Rc1 Re8 9. Bd3 Bf8 10. O-O c5 11. Ne5 Bb7 12. f4 Nc6 13. Ne2 Rc8 14. Be1 Ne4 15. Bxe4 dxe4 16. Nxf7 Kxf7 17. Qb3+ c4 18. Qxc4+ Kg6 19. f5+ Kh6 20. Bg3 Bd6 21. Nf4 Ne5 22. Qe2 Nf3+ 23. gxf3 exf3 24. Qd3 Be4 25. Qb5 Qg5 26. Qd7 Bxf4 27. exf4 Qxf5 28. Qd6+ Re6 29. Qd7 Rec6 30. Qxf5 Bxf5 31. Rxc6+ Rxc6 32. Rxf3 Rc2 33. Rf2 Rc1+ 34. Rf1 Rc2 35. Rf2 Rc1+ 36. Kg2 Be4+ 37. Kh3 Kh5 38. f5 Rg1 39. Rf4 Bg2# 0-1


[Site "https://www.chess.com"]

[Event "Titled Tuesday Blitz January 18 2022"]
[White "Sanal, Vahap"]
[Black "De Silva, L M S T"]
[WhiteFideId "6300545"]
[BlackFideId "9953698"]
[WhiteElo "2603"]
[BlackElo "1631"]
[Result "1-0"]
[Round "11"]
[TimeControl "180+1"]
[Date "2022.01.18"]
[WhiteClock "0:02:00"]
[BlackClock "0:01:47"]

1. e4 e5 2. Nc3 Nf6 3. Bc4 Nc6 4. d3 Bc5 5. h3 d6 6. Nge2 Be6 7. O-O Bxc4 8. dxc4 O-O 9. a3 a6 10. Qd3 Ne7 11. Bg5 Nd7 12. Nd5 f6 13. Bd2 c6 14. Nxe7+ Qxe7 15. Rad1 Rad8 16. Be3 Bxe3 17. Qxe3 Nc5 18. Ng3 g6 19. Rd2 Ne6 20. Rfd1 Rd7 21. Ne2 Rfd8 22. b3 Nc7 23. Nc3 d5 24. cxd5 cxd5 25. Nxd5 Nxd5 26. Rxd5 Rxd5 27. exd5 Qxa3 28. Qb6 Rd7 29. Qxf6 Qd6 30. Qxd6 Rxd6 31. c4 Kf7 32. c5 Rd8 33. b4 Rc8 34. Ra1 Rd8 35. Rd1 Rc8 36. d6 Ke6 37. f3 Kd7 38. Re1 Ke6 39. f4 1-0


[Site "https://www.chess.com"]

[Event "Titled Tuesday Blitz January 18 2022"]
[White "Sebag, Marie"]
[Black "Rudzinska, Michalina"]
[WhiteFideId "617822"]
[BlackFideId "1172883"]
[WhiteElo "2482"]
[BlackElo "1904"]
[Result "1-0"]
[Round "11"]
[TimeControl "180+1"]
[Date "2022.01.18"]
[WhiteClock "0:00:46"]
[BlackClock "0:01:36"]

1. d4 Nf6 2. Nf3 e6 3. Bf4 c5 4. e3 b6 5. Be2 Bb7 6. O-O d6 7. c4 Be7 8. Nc3 Nbd7 9. h3 O-O 10. Qc2 Re8 11. Rad1 cxd4 12. exd4 Rc8 13. Rfe1 a6 14. Qd2 Nf8 15. b3 Ng6 16. Bg3 Bf8 17. Nh4 Ne4 18. Nxe4 Bxe4 19. Nxg6 Bxg6 20. Bf3 Qd7 21. Re2 b5 22. Rc1 bxc4 23. bxc4 Qa4 24. Qc3 d5 25. c5 Be7 26. Be5 Bd8 27. Qb3 Qc6 28. Bd6 Bc7 29. Bxc7 Qxc7 30. Rce1 Rb8 31. Qxd5 Red8 32. Qe5 Qa5 33. c6 Rbc8 34. Qxa5 1-0


[Site "https://www.chess.com"]

[Event "Titled Tuesday Blitz January 18 2022"]
[White "Shipov, Sergei"]
[Black "Krstulovic, Alex"]
[WhiteFideId "4113624"]
[BlackFideId "760056"]
[WhiteElo "2767"]
[BlackElo "2193"]
[Result "1-0"]
[Round "11"]
[TimeControl "180+1"]
[Date "2022.01.18"]
[WhiteClock "0:00:32"]
[BlackClock "0:00:02"]

1. d4 Nf6 2. c4 e6 3. Nc3 Bb4 4. Qc2 O-O 5. a3 Bxc3+ 6. Qxc3 d5 7. e3 b6 8. cxd5 exd5 9. Bd3 Ba6 10. Bxa6 Nxa6 11. Qc6 Re8 12. Ne2 Re6 13. Qb7 Qc8 14. Qxc8+ Rxc8 15. f3 c5 16. Bd2 Rec6 17. Kf2 Nc7 18. Rhc1 Ne6 19. Ke1 Ne8 20. a4 Nd6 21. b3 cxd4 22. Rxc6 Rxc6 23. exd4 Nf5 24. Bc3 Ne3 25. Kf2 Nf5 26. g4 Nd6 27. Rc1 h6 28. Ke3 f5 29. h3 Kf7 30. Bb4 Rxc1 31. Nxc1 f4+ 32. Kd3 Ne8 33. Ne2 g5 34. Nc3 N8c7 35. Bd6 Ke8 36. Be5 Kd7 37. b4 Kc6 38. b5+ Kd7 39. Bf6 Ke8 40. Be5 Kd7 41. Kc2 Kc8 42. Kb3 Kd7 43. Kb4 Kc8 44. a5 Kd7 45. a6 Kc8 46. Bf6 Kd7 47. Ne2 Ke8 48. h4 Kd7 49. h5 Ne8 50. Be5 N8c7 51. Nc3 Ke8 52. Ne2 Kd7 53. Ng1 Nd8 54. Nh3 Nf7 55. Bg7 Ne6 56. Bf6 Nc7 57. Bg7 Ne8 58. Bf8 Ned6 59. Ng1 Ke8 60. Bg7 Kd7 61. Ne2 Nc4 62. Nc3 Ke6 63. Nb1 Ne3 64. Kc3 Nd1+ 65. Kd2 Ne3 66. Nc3 Nc4+ 67. Kd3 Ncd6 68. Kc2 Ne8 69. Bf8 Ned6 70. Kb3 Nc4 71. Kc2 Ncd6 72. Kd2 Nc4+ 73. Ke2 Ncd6 74. Kd3 Nc4 75. Na4 1-0


[Site "https://www.chess.com"]

[Event "Titled Tuesday Blitz January 18 2022"]
[White "Sjoberg, Isak"]
[Black "Chernomordik, Pavel"]
[WhiteFideId "1521640"]
[BlackFideId "2804530"]
[WhiteElo "2016"]
[BlackElo "2249"]
[Result "1-0"]
[Round "11"]
[TimeControl "180+1"]
[Date "2022.01.18"]
[WhiteClock "0:00:07"]
[BlackClock "0:00:01"]

1. e4 g6 2. d4 Bg7 3. Nc3 d6 4. Nf3 a6 5. a4 b6 6. h4 h6 7. Bd3 Bg4 8. Bf4 Nd7 9. Bc4 Bxf3 10. Qxf3 Bxd4 11. Bxf7+ Kxf7 12. Be5+ Ngf6 13. Bxd4 e5 14. Be3 Kg7 15. h5 g5 16. O-O-O Rf8 17. Qh3 b5 18. Qe6 b4 19. Nd5 a5 20. Ne7 Qe8 21. f3 Rf7 22. Nf5+ Kh7 23. Qc4 Nf8 24. Qb3 Qe6 25. Qd3 Qa2 26. Nxh6 Kxh6 27. Bxg5+ Kh7 28. f4 Qa1+ 29. Kd2 Qxb2 30. Ke2 b3 31. Rd2 bxc2 32. Rxc2 Qb4 33. Bxf6 Rxf6 34. Rxc7+ Kh8 35. f5 Qd4 36. Qxd4 exd4 37. g4 Re8 38. Kd3 Nh7 39. h6 Ng5 40. Rh5 Nf3 41. g5 Rff8 42. g6 Ne5+ 43. Kxd4 Nf3+ 44. Kd5 Re5+ 45. Kxd6 Rf6+ 46. Kd7 Nd4 47. g7+ Kh7 48. g8=Q+ Kxg8 49. h7+ Kf7 50. h8=Q Re7+ 51. Kc8 Rxc7+ 52. Kxc7 Rc6+ 53. Kd7 1-0


[Site "https://www.chess.com"]

[Event "Titled Tuesday Blitz January 18 2022"]
[White "Svicevic, Rastko"]
[Black "Soderstrom, Adrian"]
[WhiteFideId "916315"]
[BlackFideId "1745786"]
[WhiteElo "2098"]
[BlackElo "2107"]
[Result "0-1"]
[Round "11"]
[TimeControl "180+1"]
[Date "2022.01.18"]
[WhiteClock "0:01:34"]
[BlackClock "0:02:11"]

1. d4 Nf6 2. Bg5 Ne4 3. Bf4 d5 4. e3 c5 5. f3 Nf6 6. c3 Nc6 7. Nd2 Qb6 8. b3 cxd4 9. cxd4 e5 10. dxe5 Nh5 11. Bd3 Nxf4 12. exf4 Qe3+ 13. Qe2 Qxf4 14. Nh3 Bxh3 15. gxh3 Qh4+ 16. Qf2 Qxh3 17. O-O-O Ba3+ 18. Kb1 O-O 19. Rhe1 Nb4 20. Nf1 Nxd3 21. Rxd3 Qf5 22. Qd4 Bc5 23. Qc3 Bb4 0-1


[Site "https://www.chess.com"]

[Event "Titled Tuesday Blitz January 18 2022"]
[White "Tabatabaei, M. Amin"]
[Black "Srihari L R"]
[WhiteFideId "12521213"]
[BlackFideId "46617116"]
[WhiteElo "2585"]
[BlackElo "2121"]
[Result "1/2-1/2"]
[Round "11"]
[TimeControl "180+1"]
[Date "2022.01.18"]
[WhiteClock "0:00:01"]
[BlackClock "0:00:04"]

1. d4 d5 2. Nf3 Nf6 3. Bf4 Bf5 4. e3 e6 5. Bd3 Bd6 6. Bxd6 Qxd6 7. Bxf5 exf5 8. O-O Nbd7 9. Qd3 Ne4 10. c4 c6 11. Nc3 O-O 12. cxd5 cxd5 13. Rfc1 Rfc8 14. Rc2 Rc4 15. b3 Rc6 16. Nb5 Qb4 17. Nc7 Rxc2 18. Qxc2 Rc8 19. Nxd5 Rxc2 20. Nxb4 Rxf2 21. Rc1 g6 22. Ng5 Re2 23. Nxe4 fxe4 24. Rc2 Rxc2 25. Nxc2 f5 26. Kf2 Kf7 27. Ke2 Nf6 28. Na3 Ke6 29. Nb5 a6 30. Nc3 Nd5 31. Na4 b6 32. g3 Kd6 33. Kd2 Kc6 34. Nb2 b5 35. Nd1 g5 36. Nc3 h5 37. Ne2 Nf6 38. h4 gxh4 39. gxh4 Nd5 40. Ng3 f4 41. exf4 Nxf4 42. Ke3 Ng2+ 43. Kxe4 Nxh4 44. Nxh5 Ng2 45. d5+ Kd6 46. Ng3 Ne1 47. Nf5+ Kd7 48. Kd4 Nc2+ 49. Kc5 Kc7 50. a4 bxa4 51. bxa4 Na3 52. Nd4 Nb1 53. a5 Nc3 54. Nf5 Kd7 55. Ne3 Na4+ 56. Kd4 Kd6 57. Nc4+ Kc7 58. Ke5 Nc3 59. d6+ Kc6 60. Ke6 Ne4 61. Ne5+ Kb5 62. Kd5 Nxd6 63. Kxd6 Kxa5 64. Kc5 Ka4 65. Kc4 Ka3 66. Kc3 Ka4 67. Kc4 Ka3 68. Nd3 Ka4 69. Nc5+ Ka3 70. Kc3 Ka2 71. Na4 Ka3 72. Nb2 Ka2 73. Nc4 Kb1 74. Kd2 Ka2 75. Kc2 a5 76. Kc3 Kb1 77. Kd2 Ka2 78. Kc2 Ka1 79. Nb2 Ka2 80. Nc4 Ka1 81. Nd2 Ka2 82. Nb1 Ka1 83. Nc3 a4 84. Kc1 a3 85. Na4 a2 86. Nc5 1/2-1/2


[Site "https://www.chess.com"]

[Event "Titled Tuesday Blitz January 18 2022"]
[White "Tanenbaum, Zachary"]
[Black "Mickiewicz, Piotr"]
[WhiteFideId "2060850"]
[BlackFideId "1114891"]
[WhiteElo "2168"]
[BlackElo "2266"]
[Result "1-0"]
[Round "11"]
[TimeControl "180+1"]
[Date "2022.01.18"]
[WhiteClock "0:00:59"]
[BlackClock "0:00:11"]

1. e4 c5 2. Nf3 e6 3. d4 cxd4 4. Nxd4 Nf6 5. Nc3 d6 6. Be3 a6 7. f3 b5 8. Qd2 Nbd7 9. O-O-O Bb7 10. g4 Nb6 11. g5 Nfd7 12. a3 Rc8 13. h4 Ne5 14. f4 Nec4 15. Bxc4 Nxc4 16. Qd3 Qc7 17. Bd2 g6 18. h5 Bg7 19. hxg6 hxg6 20. Rxh8+ Bxh8 21. Rh1 Bg7 22. Rh7 Kf8 23. f5 exf5 24. exf5 Nxb2 25. Kxb2 gxf5 26. Nxf5 Be5 27. g6 Be4 28. Qxe4 Bxc3+ 29. Kb1 fxg6 30. Rxc7 1-0


[Site "https://www.chess.com"]